 Dungeon Crawl Stone Soup version 0.18-a0-1180-g64ccc1e (webtiles) character file.

77 kae the Chopper (level 4, -1/39 HPs)
             Began as a Hill Orc Fighter on Jan 27, 2016.
             Was a Follower of Makhleb.
             Slain by namelastname112's ghost (8 damage)
             ... on level 3 of the Dungeon.
             The game lasted 00:02:29 (1823 turns).

kae the Chopper (Hill Orc Fighter)                  Turns: 1823, Time: 00:02:29

Health: -1/39      AC:  8    Str: 29    XL:     4   Next: 33%
Magic:  4/4        EV: 12    Int:  8    God:    Makhleb [*.....]
Gold:   118        SH: 10    Dex: 15    Spells: 0 memorised, 3 levels left

rFire  . . .     SeeInvis .     a - +1 war axe
rCold  . . .     Gourm    +     b - +0 scale mail
rNeg   . . .     Faith    .     c - +0 shield
rPois  .         Spirit   .     (no helmet)
rElec  .         Dismiss  .     t - +0 cloak
rCorr  .         Reflect  .     j - +0 pair of gloves
SustAt +         Harm     .     (no boots)
MR     .....                    m - amulet of the gourmand
Stlth  +.........               l - +5 ring of strength
                                h - ring of sustain attributes

@: mighty, agile, drained, not resistant to hostile enchantments, very
unstealthy
A: no striking features
a: Renounce Religion, Convert to Beogh


You were on level 3 of the Dungeon.
You worshipped Makhleb.
Makhleb was aware of your devotion.
You were not hungry.

You visited 1 branch of the dungeon, and saw 3 of its levels.

You collected 118 gold pieces.

Inventory:

Hand Weapons
 a - a +1 war axe (weapon)
Armour
 b - a +0 scale mail (worn)
 c - a +0 shield (worn)
 j - a +0 pair of gloves (worn)
 t - a +0 cloak (worn)
Jewellery
 h - a ring of sustain attributes (left hand)
 k - a cursed amulet of inaccuracy {unknown}
 l - a +5 ring of strength (right hand)
 m - an amulet of the gourmand (around neck)
 q - an uncursed amulet of harm
 r - an uncursed amulet of rage
Scrolls
 g - 3 scrolls of immolation
 i - a scroll of identify
 n - a scroll of amnesia
Potions
 e - 2 potions of flight
 o - a potion of cancellation
Comestibles
 f - 2 bread rations
 p - 3 meat rations
 w - a slice of pizza


   Skills:
 - Level 3.6(2.6) Fighting
 + Level 5.9(4.8) Axes
 - Level 3.2(2.3) Armour
 - Level 3.2(2.3) Shields


You had 3 spell levels left.
You didn't know any spells.

Dungeon Overview and Level Annotations

Branches:
Dungeon (3/15)

Altars:
Ashenzari
Elyvilon
Kikubaaqudgha
Makhleb
Okawaru
Pakellas
Qazlal
Sif Muna
Xom

Annotations:
D:3 namelastname112's ghost, amateur FeTm


Message History

You feel very mighty all of a sudden.
You block namelastname112's ghost's attack.
You completely miss namelastname112's ghost.
You feel less woody.
Your +0 cloak unmelds from your body.
Your +0 pair of gloves unmelds from your body.
Your +0 scale mail unmelds from your body.
You block namelastname112's ghost's attack.
Namelastname112's ghost hits you but does no damage.
Unknown command.
Unknown command.
Drink which item? (? for menu, Esc to quit)
It was a potion of agility.
You feel agile all of a sudden.
The orc priest casts a cantrip, but nothing happens.
Namelastname112's ghost completely misses you.
Unknown command.
You completely miss namelastname112's ghost.
Namelastname112's ghost hits you!
You die...

######### ........#
...######.....##########
#ogooW@.....†'.).......
#o######....†##########
#.....# #.....# .....###
#....... #.......#
#####.#.# #.#.#


You could see an orc priest, namelastname112's ghost, 3 orcs and a hobgoblin.

Vanquished Creatures
  2 adders
  A worm (D:3)
  A giant gecko (D:3)
  5 bats
  3 giant cockroaches
  5 goblins
  7 hobgoblins
  4 kobolds
  2 quokkas
  5 giant newts
  26 rats
61 creatures vanquished.

Notes
Turn   | Place    | Note
--------------------------------------------------------------
     0 | D:1      | kae the Hill Orc Fighter began the quest for the Orb.
     0 | D:1      | Reached XP level 1. HP: 19/19 MP: 1/1
   140 | D:1      | You fall through a shaft!
   193 | D:2      | Reached skill level 4 in Axes
   193 | D:2      | Reached XP level 2. HP: 16/26 MP: 2/2
   338 | D:2      | Found a white marble altar of Elyvilon.
   469 | D:1      | Reached XP level 3. HP: 28/31 MP: 3/3
   876 | D:2      | Found an iron altar of Okawaru.
  1063 | D:2      | Found a burning altar of Makhleb.
  1082 | D:2      | Became a worshipper of Makhleb the Destroyer
  1116 | D:2      | Reached skill level 5 in Axes
  1170 | D:2      | Reached * piety under Makhleb
  1659 | D:3      | Found a shimmering altar of Xom.
  1662 | D:3      | Found a deep blue altar of Sif Muna.
  1668 | D:3      | Found a stormy altar of Qazlal.
  1673 | D:3      | Reached XP level 4. HP: 35/39 MP: 4/4
  1680 | D:3      | Found an ancient bone altar of Kikubaaqudgha.
  1712 | D:3      | Found a shattered altar of Ashenzari.
  1713 | D:3      | Found an oddly glowing altar of Pakellas.
  1788 | D:3      | Noticed namelastname112's ghost (amateur FeTm)
  1823 | D:3      | Slain by namelastname112's ghost

Vault maps used:
D:1:      lemuel_arrival_lava_pool
D:2:      elyvilon_altar_3, bloody_makhleb, okawaru_trees_2, st_stairs_3,
          minmay_fountain_box, minmay_rat_hole
D:3:      grunt_temple_overflow_open, first_bread, xom_teletrap_fun

Action                   |  1- 3 |  4- 6 || total
-------------------------+-------+-------++-------
Melee: War axe           |   147 |    45 ||   192
  Use: Scroll            |     8 |       ||     8
       Potion            |       |     3 ||     3
  Eat: Chunk             |     2 |     2 ||     4
